AoeStats
← DATINGSA

Arabia

510803640Analyzed
1v1 RM · 18h ago on Oct 2, 2026· 19m 44s· 2 players
Game mode
Random Map
Map size
Tiny (2 player)
Population
200
Speed
Normal
Resources
Standard
Victory
Conquest
Starting age
Dark Age
Ending age
Imperial Age
RankedLock teamsTeams togetherTeam positionsShared explorationLock speedFull tech treeHidden civsTurbo modeCheats
Victory
Defeat
🇺🇸 Britons · United States
1398
+17
🇫🇷 Romans · France
1419
-17
DATINGSA
7:05 Loom
9:15 Feudal Age
9:52 Double-Bit Axe
13:03 Fletching
15:18 Horse Collar
21:27 Castle Age
19:57 Gold Mining
ratphou
5:53 Loom
11:02 Feudal Age
20:21 Castle Age
19:07 Fletching
Connection lost

Rejoining the realm…

Still unreachable

The connection could not be restored.

Session expired

The server has moved on; the page needs a fresh start.